 Dungeon Crawl Stone Soup version 0.31-a0-1591-g515db51633 (webtiles) character file.

Game seed: 16395785034644439653

9 Laraso the Sneak (level 2, 0/25 HPs)
             Began as an Armataur Delver on Jan 6, 2024.
             Succumbed to an adder's poison
             ... on level 2 of the Dungeon.
             The game lasted 00:01:31 (244 turns).

Laraso the Sneak (Armataur Delver)                   Turns: 244, Time: 00:01:32

Health: 0/25       AC:  4    Str: 17    XL:     2   Next: 6%
Magic:  2/2        EV:  9    Int: 10    God:
Gold:   39         SH:  0    Dex: 11    Spells: 1/1 levels left

rFire   . . .        a - +0 mace
rCold   . . .        (no shield)
rNeg    . . .        b - +0 leather armour
rPois   .            (no helmet)
rElec   .            (no cloak)
rCorr   .            (no gloves)
SInv    .            (no barding)
Will    .....        (no amulet)
Stlth   +++          (no ring)
HPRegen 0.24/turn    (no ring)
MPRegen 0.08/turn

%: roll
@: lethally poisoned (0 -> -2)
A: large, deformed body, tough skin 3, armoured tail, roll 1
a: no special abilities


You were on level 2 of the Dungeon.
You visited 1 branch of the dungeon, and saw 4 of its levels.

You collected 39 gold pieces.

Inventory:

Hand Weapons
 a - a +0 mace (weapon)
Armour
 b - a +0 leather armour (worn)
Wands
 g - a wand of digging (2)
Scrolls
 c - a scroll of fog


   Skills:
 - Level 2.6 Fighting
 * Level 2.5 Maces & Flails
 - Level 1.3 Dodging
 - Level 5.4 Stealth


You had one spell level left.
You didn't know any spells.
Your spell library contained the following spells:

 Spells                   Type           Power      Damage    Failure   Level
 Volatile Blastmotes      Fire/Tloc      0%         2d10      80%         3
 Fulminant Prism          Conj/Alch      0%         3d5       99%         4
 Iskenderun's Mystic Bla  Conj/Tloc      0%         2d3       99%         4


Dungeon Overview and Level Annotations

Branches:
Dungeon (5/15)
 Temple: D:4-7

Altars:

Annotations:
D:3 Grinder, Terence


Innate Abilities, Weirdness & Mutations

Armour fits poorly on your strangely shaped body.
You have extremely tough skin. (AC +3)
You have a long armoured tail.
You regenerate magic when rolling toward enemies. (Rampage MPRegen)


Message History

Okay, then.
You barely miss the quokka.
The quokka is moderately wounded.
The quokka bites you. The quokka misses you.
You hit the quokka but do no damage.
Your tail-slap misses the quokka.
The quokka is moderately wounded.
The quokka barely misses you.
You hit the quokka.
The quokka is almost dead.
The quokka bites you. The quokka barely misses you.
You hit the quokka.
You kill the quokka!
The adder bites you.
You hit the adder but do no damage.
Your tail-slap misses the adder.
The adder bites you but does no damage.
You miss the adder. The adder barely misses you. The adder bites you.
You are poisoned.
The adder poisons you!
You miss the adder.
You feel very sick.
The adder bites you but does no damage. x2
You miss the adder.
You feel sick. The adder bites you.
You are more poisoned.
The adder poisons you!
You barely miss the adder.
You feel sick. The adder barely misses you. x2
You hit the adder.
Your tail-slap misses the adder.
The adder is lightly wounded.
You feel sick.
The adder bites you but does no damage. x2
You closely miss the adder.
The adder is lightly wounded.
You feel sick. The adder bites you.
* * * LOW HITPOINT WARNING * * *
You hit the adder.
The adder is moderately wounded.
* * * LOW HITPOINT WARNING * * *
You feel sick. The adder bites you but does no damage. The adder bites you.
* * * LOW HITPOINT WARNING * * *
You hit the adder.
The adder is moderately wounded.
You die...

####. #....
#...r.......#
#...........#
#...........#
#...........# ....
.....# #.###.###.#
.# #.........##.#
..##.#)##..S@.#
#.##.#####
###.##.....#..
.##....)........
.................
...##.#...........
.. ......#....#...
##.###.#........
#. #.#........


You could see an adder.

Vanquished Creatures
  A ball python (D:3)
  An endoplasm (D:2)
  2 hobgoblins (D:4)
  A quokka (D:2)
  2 goblins
  A rat (D:2)
8 creatures vanquished.

Notes
Turn   | Place    | Note
-------+----------+-------------------------------------------
     0 | D:5      | Laraso the Armataur Delver began the quest for the Orb.
     0 | D:5      | Reached XP level 1. HP: 18/18 MP: 1/1
    55 | D:4      | Noticed a hound
   120 | D:3      | Noticed Grinder
   145 | D:3      | Noticed Terence
   200 | D:2      | Reached XP level 2. HP: 18/25 MP: 2/2
   244 | D:2      | Succumbed to an adder's poison

Illustrated notes

Levels and vault maps discovered:
D:2:      layout_basic, basic_altar, uniq_crazy_yiuf_cottage, uniq_robin
D:3:      layout_loops_cross, minmay_increasing_density, uniq_terence,
          uniq_ijyb, uniq_grinder
D:4:      layout_basic, nicolae_ashenzari_panopticon
D:5:      layout_basic, minmay_temple_entry_waves

Skill      XL: |  1 |
---------------+----+-----
Maces & Flails | 2 |  2.5
Fighting       | |  2.6
Dodging        | |  1.3
Stealth        | |  5.4

Action                     || total
---------------------------++-------
  Melee: Mace              ||    34
         Tailslap          ||     3
  Evoke: Wand              ||     1
    Use: Scroll            ||     2
         Potion            ||     1
   Stab: Sleeping          ||     1
 Armour: Leather armour    ||    27
  Dodge: Dodged            ||    15

Table legend: (Time is in decaauts)
 A = Elapsed time spent in this place.
 B = Non-inter-level travel time spent in this place.
 C = Inter-level travel time spent in this place.
 D = Time resting spent in this place.
 E = Time spent auto-exploring this place.
 F = Levels seen in this place.
 G = Mean time per level.
                   A        B        C        D        E       F      G
               +--------+--------+--------+--------+--------+-----+--------+
         Total |    236 |    236 |      0 |     17 |      0 |   4 |   59.0 |
       Dungeon |    236 |    236 |      0 |     17 |      0 |   4 |   59.0 |
               +--------+--------+--------+--------+--------+-----+--------+

Top non-repeatable levels by time:
     D:4: 107 daAuts
     D:2: 63 daAuts
     D:3: 37 daAuts
     D:5: 29 daAuts
